 Dungeon Crawl Stone Soup version 0.28.0 (webtiles) character file.

Game seed: 11481371819365989888

650 hikkokomori the Shooter (level 7, -1/61 HPs)
             Began as a Minotaur Hunter on Feb 6, 2022.
             Slain by Blork the orc (16 damage)
             ... on level 5 of the Dungeon.
             The game lasted 00:10:12 (5171 turns).

hikkokomori the Shooter (Minotaur Hunter)           Turns: 5171, Time: 00:10:12

Health: -1/61      AC:  6    Str: 14    XL:     7   Next: 28%
Magic:  5/5        EV: 12    Int: 14    God:
Gold:   206        SH:  0    Dex: 11    Spells: 6/6 levels left

rFire   . . .      SeeInvis .   l - +1 trident (vorpal)
rCold   . . .      Faith    .   (no shield)
rNeg    + . .      Spirit   .   p - +0 ring mail {rN+}
rPois   .          Reflect  .   (helmet restricted)
rElec   .          Harm     .   (no cloak)
rCorr   .          Rampage  .   (no gloves)
Will    .....                   (no boots)
Stlth   ..........              (no amulet)
HPRegen 0.20/turn               g - +6 ring of intelligence
MPRegen 0.09/turn               (no ring)

@: silenced
A: horns 2, retaliatory headbutt, low MP 1, weak 2, wild magic 1
a: no special abilities


You were on level 5 of the Dungeon.
You visited 1 branch of the dungeon, and saw 5 of its levels.

You collected 206 gold pieces.

Inventory:

Hand Weapons
 a - a +1 shortbow
 b - a +0 short sword
 i - a +0 spear of venom
 l - a +1 vorpal trident (weapon)
Missiles
 d - 42 arrows
Armour
 c - a +0 leather armour
 e - a +0 plate armour
 p - a +0 ring mail of positive energy (worn)
Jewellery
 g - a +6 ring of intelligence (left hand)
 n - an amulet of guardian spirit
Wands
 j - a wand of flame (22)
 m - a wand of iceblast (11)
Scrolls
 f - a scroll of noise
 k - a scroll of teleportation
 o - a scroll of enchant weapon
 q - a scroll of identify


   Skills:
 + Level 5.2 Fighting
 + Level 0.8 Polearms
 + Level 6.1 Bows
 + Level 4.4 Armour
 + Level 4.7 Dodging
 - Level 1.0 Stealth


You had 6 spell levels left.
You didn't know any spells.
Your spell library contained the following spells:

 Spells                   Type           Power      Damage    Failure   Level
 Gell's Gravitas          Tloc           0%         N/A       90%         3
 Teleport Other           Tloc           0%         N/A       90%         3
 Dispersal                Tloc           0%         N/A       100%        6


Dungeon Overview and Level Annotations

Branches:
Dungeon (5/15)
 Temple: D:4-7

Altars:

Annotations:
D:5 Blork the orc


Innate Abilities, Weirdness & Mutations

You have a pair of horns on your head.
You reflexively headbutt those who attack you in melee.
Your magical capacity is low. (-10% MP)
You are very weak. (Str -4)
Your spells are a little harder to cast, but a little more powerful.


Message History

The centaur is heavily wounded.
The centaur shoots an arrow.
The arrow hits you.
The centaur shoots an arrow.
The arrow hits you.
You reach to attack!
You puncture the centaur!
The centaur is almost dead.
The centaur shoots an arrow.
The arrow hits you!
The centaur shoots an arrow.
The arrow barely misses you.
You are too injured to fight recklessly!
You are too injured to fight recklessly!
You are too injured to fight recklessly!
Reach: l) +1 trident (vorpal)
Press: ? - help, Dir - move target, f/p - centaur
Aim: a centaur, wielding a +0 shortbow and quivering arrows (almost dead, about 31% to evade your +1 vorpal trident)
You reach to attack!
You barely miss the centaur.
The centaur is almost dead.
The centaur unwields a +0 shortbow.
The centaur hits you. The centaur closely misses you.
You puncture the centaur!
You kill the centaur!
Blork the orc mumbles some strange words.
Blork the orc seems to speed up.
Unknown command.
You aren't carrying any potions.
Unknown command.
As you read the scroll labelled CIWUBLIMYKH, it crumbles to dust.
A profound silence engulfs you.
It was a scroll of silence.
You completely miss Blork the orc. Blork the orc closely misses you.
You furiously retaliate!
You headbutt Blork the orc! Blork the orc closely misses you.
You hit Blork the orc.
Blork the orc is moderately wounded.
Blork the orc barely misses you.
Blork the orc hits you with a +0 dire flail!
* * * LOW HITPOINT WARNING * * *
You barely miss Blork the orc.
Blork the orc is moderately wounded.
Blork the orc hits you with a +0 dire flail.
* * * LOW HITPOINT WARNING * * *
Blork the orc hits you with a +0 dire flail!
You die...

#####
##...######.####
#..#....@o......
#....######.####
#.#### ##.# #..#
#.## #.#
######### #.#
#.......#
##.#####.......#


You could see Blork the orc (fast).

Vanquished Creatures
  A black bear (D:5)
  A centaur (D:5)
  A phantom (D:5)
  A howler monkey (D:5)
  2 jellies
  An orc priest (D:4)
  Jessica (D:3)
  Terence (D:3)
  Natasha (thrice) (D:3)
  Robin (D:2)
  6 adders
  2 dart slugs (D:1)
  An orc (D:4)
  7 ball pythons
  6 bats
  5 endoplasms
  4 giant cockroaches
  13 goblins
  10 hobgoblins
  8 jackals
  3 quokkas
  9 frilled lizards
  4 kobolds
  2 rats
93 creatures vanquished.

Notes
Turn   | Place    | Note
-------+----------+-------------------------------------------
     0 | D:1      | hikkokomori the Minotaur Hunter began the quest for the
                  | Orb.
     0 | D:1      | Reached XP level 1. HP: 18/18 MP: 0/0
   133 | D:1      | Reached skill level 1 in Stealth
   388 | D:1      | Reached XP level 2. HP: 25/25 MP: 1/1
   690 | D:1      | Reached skill level 1 in Armour
  1257 | D:2      | Reached XP level 3. HP: 31/31 MP: 2/2
  1351 | D:2      | Noticed Robin
  1361 | D:2      | Killed Robin
  1593 | D:2      | Reached XP level 4. HP: 17/38 MP: 3/3
  1908 | D:2      | Found a faded altar of an unknown god.
  2365 | D:3      | Reached skill level 5 in Bows
  2403 | D:3      | Noticed Terence
  2423 | D:3      | Killed Terence
  2587 | D:3      | Noticed Natasha
  2592 | D:3      | Killed Natasha
  2593 | D:3      | Reached XP level 5. HP: 39/46 MP: 4/4
  2911 | D:3      | Noticed Jessica
  2928 | D:3      | Killed Jessica
  3355 | D:3      | Noticed Natasha
  3359 | D:3      | Killed Natasha
  3728 | D:3      | Noticed Natasha
  3738 | D:3      | Killed Natasha
  3939 | D:4      | Reached XP level 6. HP: 52/52 MP: 5/5
  3956 | D:4      | Noticed an orc warrior
  4126 | D:3      | Gained mutation: You are dopey. (Int -2) [potion of
                  | mutation]
  4126 | D:3      | Gained mutation: You do not regenerate when monsters are
                  | visible. [potion of mutation]
  4126 | D:3      | Lost mutation: You are dopey. (Int -2) [potion of mutation]
  4126 | D:3      | Gained mutation: You are partially covered in iridescent
                  | scales. (AC +2) [potion of mutation]
  4513 | D:5      | Entered Level 5 of the Dungeon
  4522 | D:5      | Lost mutation: You do not regenerate when monsters are
                  | visible. [potion of mutation]
  4522 | D:5      | Lost mutation: You are partially covered in iridescent
                  | scales. (AC +2) [potion of mutation]
  4522 | D:5      | Gained mutation: You are weak. (Str -2) [potion of
                  | mutation]
  4522 | D:5      | Gained mutation: Your magical capacity is low. (-10% MP)
                  | [potion of mutation]
  4522 | D:5      | Gained mutation: You are very weak. (Str -4) [potion of
                  | mutation]
  4522 | D:5      | Gained mutation: Your spells are a little harder to cast,
                  | but a little more powerful. [potion of mutation]
  5053 | D:5      | Reached skill level 5 in Fighting
  5053 | D:5      | Reached skill level 6 in Bows
  5053 | D:5      | Reached XP level 7. HP: 56/61 MP: 5/5
  5161 | D:5      | Noticed Blork the orc
  5171 | D:5      | Slain by Blork the orc

Illustrated notes

Levels and vault maps discovered:
D:1:      amcnicky_arrival_feature_with_door, layout_basic,
          chequers_serial_rivers_micro_d, chequers_serial_rivers_micro_e,
          grunt_decor_junction
D:2:      layout_loops_ring, shapermc_ecumenical_altar_ellora, uniq_robin
D:3:      layout_basic, uniq_jessica, uniq_terence, uniq_natasha
D:4:      layout_gridville, uniq_crazy_yiuf_cottage
D:5:      layout_loops_cross, uniq_blork_the_orc

Skill      XL: |  1  2  3  4  5  6 |
---------------+-------------------+-----
Stealth        | 1 |  1.0
Armour         | 1 2 3 4 |  4.4
Fighting       | 3 4 5 |  5.2
Dodging        | 3 4 |  4.7
Bows           | 5 6 |  6.1
Polearms       | |  0.8

Action                   |  1- 3 |  4- 6 |  7- 9 || total
-------------------------+-------+-------+-------++-------
Melee: Spear             |    23 |    24 |       ||    47
       Headbutt          |     2 |     9 |     1 ||    12
       Trident           |       |    79 |    10 ||    89
       Punch             |       |     1 |       ||     1
 Fire: Shortbow          |    78 |    28 |       ||   106
Evoke: Wand              |       |     2 |     1 ||     3
  Use: Potion            |       |     4 |       ||     4
       Scroll            |       |     6 |     1 ||     7
 Stab: Sleeping          |     1 |     1 |       ||     2
Armor: Leather armour    |    12 |    11 |       ||    23
Dodge: Dodged            |    19 |    75 |     9 ||   103
